[Event "*** Titled Tuesday Blitz"]
[Site "Chess.com"]
[Date "2020.04.21"]
[Round "6"]
[White "MateSchmate"]
[Black "TST2014"]
[Result "0-1"]
[WhiteElo "2459"]
[BlackElo "2609"]
[TimeControl "180+1"]
[EndTime "11:08:04 PDT"]
[Termination "TST2014 won by checkmate"]

1. e4 c5 2. Nf3 Nc6 3. d4 cxd4 4. Nxd4 Nf6 5. Nc3 d6 6. Bg5 e6 7. Be2 a6 8. a4 Be7 9. Qd2 Bd7 10. Nb3 Qc7 11. f4 h6 12. Bxf6 Bxf6 13. O-O-O Be7 14. Bf3 O-O 15. g4 b5 16. h4 bxa4 17. Nxa4 Rfc8 18. g5 Rab8 19. f5 Nb4 20. Nc3 exf5 21. gxh6 Bf6 22. hxg7 Na2+ 23. Nxa2 Rxb3 24. c3 Qa5 25. Kb1 Be6 26.
Nc1 Rbxc3 27. bxc3 Bxc3 28. Qxd6 Qa1+ 29. Kc2 Be5+ 30.
Qc6 Rxc6+ 31. Kd2 Qd4+ 32. Ke2 Rc2+ 33. Kf1 Qf2# 0-1

[Event "*** Titled Tuesday Blitz"]
[Site "Chess.com"]
[Date "2020.04.21"]
[Round "6"]
[White "nocnypako"]
[Black "Cecile-Haussernot"]
[Result "1-0"]
[WhiteElo "2576"]
[BlackElo "2342"]
[TimeControl "180+1"]
[EndTime "11:08:04 PDT"]
[Termination "nocnypako won by resignation"]

1. d4 Nf6 2. c4 e6 3. Nc3 Bb4 4. e3 O-O 5. Ne2 d5 6. a3 Be7 7. cxd5 exd5 8. Nf4 c6 9. Bd3 Be6 10. O-O Qc7 11. f3 Nbd7 12. e4 dxe4 13. Nxe6 fxe6 14.
fxe4 e5 15. d5 cxd5 16. exd5 Bc5+ 17. Kh1 Bd4 18. Bd2 Rae8 19. Nb5 Qb6 20. Bb4 Nc5 21. Nxd4 exd4 22. Bf5 d3 23. Bxd3 Re3 24. Bc4 Nce4 25. Bxf8 Qxb2 26. d6+ Kxf8 27. d7 Nf2+ 28. Rxf2 Qxf2 29. d8=Q+ 1-0

[Event "*** Titled Tuesday Blitz"]
[Site "Chess.com"]
[Date "2020.04.21"]
[Round "6"]
[White "tgpgoat"]
[Black "canary2016"]
[Result "0-1"]
[WhiteElo "2141"]
[BlackElo "1867"]
[TimeControl "180+1"]
[EndTime "11:08:05 PDT"]
[Termination "canary2016 won by checkmate"]

1. e4 c6 2. d4 d5 3. exd5 cxd5 4. Bd3 Nc6 5. Nf3 Nf6 6. O-O Bg4 7. c3 e6 8. Bf4 Bd6 9. Bxd6 Qxd6 10. Nbd2 O-O 11.
h3 Bh5 12. Qc2 Bg6 13. Bxg6 hxg6 14. Rfe1 Rac8 15. Qd3 Rfe8 16. Ne5 Nd7 17. Nxd7 Qxd7 18. Nf3 Qc7 19. Ne5 Nxe5 20. Rxe5 Qc4 21. Qxc4 Rxc4 22. Rae1 Rec8 23. f4 b5 24. a3 a5 25.
g4 b4 26. axb4 axb4 27. f5 bxc3 28. bxc3 gxf5 29. gxf5 exf5 30. Rxf5 Rxc3 31. Re7 f6 32. Rxd5 Rxh3 33. Kg2 Rh4 34. Kg3 Rh6 35. Rdd7 Rg6+ 36. Kf4 Ra8 37. Kf5 Rg5+ 38. Ke6 Ra6+ 39. Rd6 Ra2 40. Rd8+ Kh7 41. Kf7 f5 42. d5 f4 43.
d6 f3 44. Re4 Rf5+ 45. Ke6 Rf6+ 46. Ke7 Ra7+ 47. d7 f2 48. Ra4 f1=Q 49. Rxa7 Qe2# 0-1

[Event "*** Titled Tuesday Blitz"]
[Site "Chess.com"]
[Date "2020.04.21"]
[Round "6"]
[White "murtas73"]
[Black "GMAkobianSTL"]
[Result "1-0"]
[WhiteElo "2633"]
[BlackElo "2776"]
[TimeControl "180+1"]
[EndTime "11:08:06 PDT"]
[Termination "murtas73 won by resignation"]

1. d4 Nf6 2. c4 b6 3. Nc3 Bb7 4. Nf3 e6 5. g3 Bb4 6. Qb3 a5 7.
a3 Bxc3+ 8. Qxc3 Ne4 9. Qc2 f5 10. b3 O-O 11. Bg2 Nc6 12. O-O Qe7 13. Bb2 Nd8 14. Rad1 Nf7 15. d5 Rad8 16. Nd4 Nfd6 17. f3 Nf6 18. e4 fxe4 19. fxe4 e5 20. Ne2 Nf7 21. h3 d6 22. Bc1 Bc8 23. Be3 h6 24. Qd2 Nh8 25. b4 Nd7 26. Kh2 axb4 27. axb4 Ng6 28. Nc3 Rxf1 29. Rxf1 Rf8 30. Rc1 Ba6 31. Qa2 Ra8 32. Qe2 Kh7 33. h4 Nf6 34.
Bf3 Bc8 35. c5 bxc5 36. bxc5 Qd7 37. Kg1 Ra3 38. c6 Qf7 39. Bg2 Ne7 40. Qb2 Ra8 41.
Rf1 Qg6 42. Bf2 Ng4 43. Qd2 Nxf2 44. Qxf2 Ng8 45. Nb5 Nf6 46. Nxc7 Ra3 47. Ne6 Rxg3 48.
Nf8+ 1-0

[Event "*** Titled Tuesday Blitz"]
[Site "Chess.com"]
[Date "2020.04.21"]
[Round "6"]
[White "CalinGheorghiu"]
[Black "Gabrielian_Artur"]
[Result "0-1"]
[WhiteElo "2470"]
[BlackElo "2705"]
[TimeControl "180+1"]
[EndTime "11:08:06 PDT"]
[Termination "Gabrielian_Artur won by resignation"]

1. e4 c5 2. Nf3 d6 3. d4 cxd4 4.
Nxd4 Nf6 5. Nc3 Nc6 6. f3 e5 7.
Nb3 Be7 8. Be3 Be6 9. Nd5 Bxd5 10. exd5 Nb4 11. c4 a5 12. a3 Na6 13. Qd2 b6 14.
Bd3 O-O 15. O-O Nd7 16. f4 a4 17. Nc1 Bf6 18. Ne2 Nac5 19. Rae1 Re8 20. Bb1 Bh4 21. Ng3 e4 22. Re2 Bxg3 23. hxg3 f5 24. Qc3 Nf6 25.
Bd4 Qe7 26. Bxf6 Qxf6 27. Qxf6 gxf6 28. g4 fxg4 29. f5 Re5 30. Rf4 h5 31. Kh2 Kg7 32. Kg3 Kh6 33. Re1 Kg5 34. Rh1 e3 35. Rff1 e2 36.
Re1 Re3+ 37. Kf2 Rae8 38. Bc2 g3+ 39. Kg1 h4 40. Rh3 Nd3 41. Bxd3 Rxd3 0-1

[Event "*** Titled Tuesday Blitz"]
[Site "Chess.com"]
[Date "2020.04.21"]
[Round "6"]
[White "Oglob71"]
[Black "Avileyshon7"]
[Result "0-1"]
[WhiteElo "2430"]
[BlackElo "2354"]
[TimeControl "180+1"]
[EndTime "11:08:09 PDT"]
[Termination "Avileyshon7 won by checkmate"]

1. d4 Nf6 2. Nf3 g6 3. c4 Bg7 4. Nc3 O-O 5. Bg5 d6 6. e3 c5 7.
d5 Na6 8. h3 Rb8 9. Be2 Bd7 10.
O-O Nc7 11. a4 b6 12. e4 a6 13. Re1 b5 14. e5 dxe5 15. Nxe5 bxc4 16. Nxc4 Rb4 17.
Ra3 h6 18. Bd2 Qa8 19. d6 exd6 20. Nxd6 Bc6 21. Bf1 Rd8 22. Bf4 Rxf4 23. Qc1 Rd4 24. Nc4 Ncd5 25. Nxd5 Nxd5 26. Rg3 Nf4 27. Nb6 Qb7 28. a5 Ne6 29. Bc4 Nf4 30. Bf1 Nd3 31. Bxd3 Rxd3 32. Rxd3 Rxd3 33. f3 Kh7 34. Kh2 Qb8+ 35.
Kh1 Qg3 36. Qc2 Rxf3 37. Rc1 Rf2 38. Qxf2 Qxf2 39. Rg1 Bd4 40. Kh2 Qxg1+ 41. Kg3 Qxg2+ 42. Kf4 Qe4+ 43. Kg3 Qf3+ 44. Kh2 Qg2# 0-1

[Event "*** Titled Tuesday Blitz"]
[Site "Chess.com"]
[Date "2020.04.21"]
[Round "6"]
[White "grandcoach"]
[Black "ALEXJR20"]
[Result "1-0"]
[WhiteElo "1968"]
[BlackElo "2221"]
[TimeControl "180+1"]
[EndTime "11:08:09 PDT"]
[Termination "grandcoach won by resignation"]

1. e4 Nc6 2. d4 d5 3. exd5 Qxd5 4. Nc3 Qxd4 5. Nb5 Qb6 6. Be3 Qa5+ 7. c3 e5 8. b4 Nxb4 9. cxb4 Bxb4+ 10. Bd2 Bd7 11.
Nxc7+ Qxc7 12. Bxb4 Nf6 13. Qd6 Qxd6 14. Bxd6 e4 15.
Bc4 O-O-O 16. Rc1 Bc6 17. Be7 Rd7 18. Bxf6 gxf6 19. Ne2 e3 20. fxe3 Re8 21. Kf2 Rg8 22. Nf4 Rd2+ 23. Be2 Rxa2 24. Ra1 Rb2 25. Rxa7 Kc7 26.
Re1 Re8 27. Ra3 Rb5 28. Bxb5 Bxb5 29. Nd5+ Kd6 30. Nxf6 Re6 31. Rd1+ Ke5 32. Ng4+ Ke4 33. Rd4+ Kf5 34. Ra5 Rb6 35. Rd5+ Kxg4 36. Raxb5 Rf6+ 37. Ke2 Rc6 38. Rdc5 Rd6 39. Rxb7 Rf6 40. Rb4+ 1-0

[Event "*** Titled Tuesday Blitz"]
[Site "Chess.com"]
[Date "2020.04.21"]
[Round "6"]
[White "HomayoonTofighi"]
[Black "Dynamikus"]
[Result "1-0"]
[WhiteElo "2930"]
[BlackElo "2743"]
[TimeControl "180+1"]
[EndTime "11:08:11 PDT"]
[Termination "HomayoonTofighi won by resignation"]

1. e4 c5 2. Nf3 d6 3. Bb5+ Nd7 4. d4 cxd4 5. Qxd4 a6 6. Bxd7+ Bxd7 7. c4 Nf6 8. Nc3 e6 9. O-O Bc6 10. Bg5 Be7 11. Rad1 O-O 12. Rfe1 Qc7 13. Bxf6 Bxf6 14. Qxd6 Qxd6 15. Rxd6 Bxc3 16. bxc3 Rfd8 17. c5 Kf8 18. Nd4 Be8 19. Rb1 Rdc8 20. Nb3 Rc7 21. f3 Rac8 22. Kf2 Ke7 23. Rb6 Kf8 24. Rb2 e5 25. Na5 Rxc5 26. Nxb7 Rxc3 27. Rxa6 Rb8 28. Rab6 Ra3 29. Kg3 Ke7 30. R6b3 Ra7 31. Nc5 Rxb3 32. axb3 Bb5 33. b4 Ra1 34. Kf2 f6 35. Ke3 h5 36. Nb3 h4 37. Nxa1 1-0

[Event "*** Titled Tuesday Blitz"]
[Site "Chess.com"]
[Date "2020.04.21"]
[Round "6"]
[White "ChessQueen"]
[Black "AustrianFalcon"]
[Result "0-1"]
[WhiteElo "2750"]
[BlackElo "2621"]
[TimeControl "180+1"]
[EndTime "11:08:11 PDT"]
[Termination "AustrianFalcon won by resignation"]

1. e4 g6 2. d4 Bg7 3. Nc3 d6 4. Be3 a6 5. a4 Nc6 6. h4 Nf6 7.
Be2 e5 8. dxe5 dxe5 9. Qxd8+ Nxd8 10. h5 Be6 11. h6 Bf8 12. f3 Nd7 13. Nh3 f6 14. Nf2 Bc5 15. Bxc5 Nxc5 16. O-O-O Ke7 17. b4 Nd7 18. Rd2 Nc6 19. b5 axb5 20. axb5 Nd4 21. Kb2 Nb6 22. Bd3 Ra5 23. Nd5+ Bxd5 24. exd5 Na4+ 25. Ka3 Rha8 26. Kb4 Nb6 27. c4 Ra3 28. Bc2 Nxc2+ 29. Rxc2 R8a4+ 0-1

[Event "*** Titled Tuesday Blitz"]
[Site "Chess.com"]
[Date "2020.04.21"]
[Round "6"]
[White "TigrVShlyape"]
[Black "afgano29"]
[Result "1-0"]
[WhiteElo "2859"]
[BlackElo "2649"]
[TimeControl "180+1"]
[EndTime "11:08:11 PDT"]
[Termination "TigrVShlyape won by resignation"]

1. d4 Nf6 2. Nf3 g6 3. Bf4 d6 4. h3 Bg7 5. c3 O-O 6. Nbd2 b6 7. e3 Bb7 8. a4 a5 9. Bb5 Nbd7 10. O-O Re8 11. Bh2 Ne4 12. Nxe4 Bxe4 13. Re1 c6 14. Bf1 Bxf3 15. Qxf3 d5 16. e4 e6 17. Rad1 Qf6 18.
Qe3 Qe7 19. Bd3 Rac8 20. Ba6 Rcd8 21. Bg3 Nb8 22. Bd3 Bf8 23. e5 Rc8 24. h4 h5 25.
Bf4 c5 26. Bg5 Qc7 27. g4 hxg4 28. h5 cxd4 29. cxd4 Nc6 30. hxg6 Nb4 31. g7 Bxg7 32. Bf6 Bxf6 33. exf6 1-0

[Event "*** Titled Tuesday Blitz"]
[Site "Chess.com"]
[Date "2020.04.21"]
[Round "6"]
[White "Crazy_girl99"]
[Black "SHIVACalypso"]
[Result "1-0"]
[WhiteElo "2416"]
[BlackElo "2230"]
[TimeControl "180+1"]
[EndTime "11:08:11 PDT"]
[Termination "Crazy_girl99 won by resignation"]

1. e4 e6 2. d4 d5 3. Nd2 Nf6 4.
e5 Nfd7 5. Ngf3 c5 6. c3 Nc6 7.
Bd3 Qb6 8. O-O cxd4 9. cxd4 Nxd4 10. Nxd4 Qxd4 11. Nf3 Qb6 12. a3 Be7 13. b4 O-O 14. Be3 Qd8 15. Re1 f6 16. exf6 Nxf6 17. Qc2 Bd6 18.
Bd4 Kh8 19. Rad1 Qe8 20. Bxf6 Rxf6 21. Bxh7 Qh5 22. Bd3 Rxf3 23. gxf3 Qh3 24. f4 Bxf4 25. f3 e5 26. Qg2 Qh4 27. Re2 Bh3 28. Qg6 Rf8 29. Bc2 d4 30. Be4 Be3+ 31. Kh1 Bf4 32. Rc2 Bd7 33. Rg2 Bh6 34. Bxb7 Bf5 35. Qg3 Qh5 36.
Qxe5 Bh3 37. Qxh5 1-0

[Event "*** Titled Tuesday Blitz"]
[Site "Chess.com"]
[Date "2020.04.21"]
[Round "6"]
[White "vanea_03"]
[Black "Pomegranate988"]
[Result "1-0"]
[WhiteElo "2656"]
[BlackElo "2487"]
[TimeControl "180+1"]
[EndTime "11:08:12 PDT"]
[Termination "vanea_03 won by resignation"]

1. d4 Nf6 2. c4 g6 3. Nc3 d5 4.
cxd5 Nxd5 5. e4 Nxc3 6. bxc3 Bg7 7. Nf3 c5 8. Be3 Nc6 9. Rc1 O-O 10. d5 Na5 11. Be2 b6 12. O-O e5 13. Nd2 f5 14.
f3 f4 15. Bf2 g5 16. Nc4 Nxc4 17. Bxc4 Qd6 18. a4 Bd7 19. Rb1 Rab8 20. Bb5 h5 21. Bxd7 Qxd7 22. a5 Rf6 23. axb6 axb6 24. Bxc5 g4 25. Kh1 Rg6 26. d6 Qc6 27. Qd5+ Qxd5 28. exd5 Bf8 29. c4 Bxd6 30. Rxb6 Rxb6 31. Bxb6 Kf7 32. c5 Be7 33. d6 Bg5 34. d7 Rg8 35.
c6 Ke6 36. Rd1 gxf3 37. gxf3 e4 38. fxe4 f3 39. c7 f2 40. c8=Q 1-0

[Event "*** Titled Tuesday Blitz"]
[Site "Chess.com"]
[Date "2020.04.21"]
[Round "6"]
[White "MarcoCorvi"]
[Black "JulAnt"]
[Result "1-0"]
[WhiteElo "2194"]
[BlackElo "2488"]
[TimeControl "180+1"]
[EndTime "11:08:12 PDT"]
[Termination "MarcoCorvi won by resignation"]

1. e4 c5 2. Nc3 e6 3. Nf3 d6 4. d4 cxd4 5. Nxd4 Nf6 6. g3 Nc6 7.
Bg2 Be7 8. O-O O-O 9. Re1 Nxd4 10. Qxd4 Bd7 11. a4 Bc6 12. a5 Qc7 13. h3 Rfd8 14. Be3 d5 15. e5 Nd7 16. f4 Bc5 17. Qd2 d4 18. Bxd4 Nb8 19. Ne2 Bxg2 20. Kxg2 Nc6 21. c3 Nxa5 22. Rxa5 Bxd4 23. cxd4 Qc6+ 24. d5 exd5 25.
Nd4 Qb6 26. Rc1 Rac8 27. Rxc8 Rxc8 28. Rxd5 h6 29. Nf3 Rc6 30. Rd8+ Kh7 31. Qd3+ g6 32. b3 Qc7 33. h4 Rc2+ 34. Kh3 Rb2 35. Qd5 Rb1 36.
Rd7 1-0

[Event "*** Titled Tuesday Blitz"]
[Site "Chess.com"]
[Date "2020.04.21"]
[Round "6"]
[White "Zurability"]
[Black "lukas_111111"]
[Result "1-0"]
[WhiteElo "2739"]
[BlackElo "2549"]
[TimeControl "180+1"]
[EndTime "11:08:13 PDT"]
[Termination "Zurability won by resignation"]

1. Nf3 d5 2. c4 e6 3. g3 c5 4.
cxd5 exd5 5. Bg2 Nf6 6. O-O Nc6 7. d4 Be7 8. dxc5 Bxc5 9. a3 O-O 10. b4 Bb6 11.
Bb2 Bg4 12. Nbd2 Re8 13. e3 Ne4 14. h3 Bh5 15. Nb3 Ng5 16. g4 Bg6 17. Nfd4 Be4 18. f3 Bg6 19. f4 Rxe3 20. Nc5 Nxh3+ 21. Bxh3 Rxh3 22. Rf3 Qh4 23. Rxh3 Qxh3 24. Qf3 Qxf3 25. Nxf3 h5 26. g5 a5 27. Rc1 axb4 28. axb4 Nxb4 29. Bd4 Rc8 30. Ne5 Na6 31. Ned7 Bf5 32. Nxb6 Rc6 33. Nxd5 Kf8 34. Ne3 Bc8 35. Nb3 1-0

[Event "*** Titled Tuesday Blitz"]
[Site "Chess.com"]
[Date "2020.04.21"]
[Round "6"]
[White "kpio91"]
[Black "SaguriGuerra"]
[Result "1-0"]
[WhiteElo "2769"]
[BlackElo "2529"]
[TimeControl "180+1"]
[EndTime "11:08:13 PDT"]
[Termination "kpio91 won by checkmate"]

1. Nf3 d5 2. c4 dxc4 3. e3 Nc6 4. Bxc4 e5 5. d4 exd4 6. exd4 Bb4+ 7. Nc3 Nf6 8. O-O O-O 9. h3 h6 10. Re1 Bf5 11.
Qa4 Bd6 12. Bb5 Ne7 13. Ne5 c6 14. Bf1 Ned5 15. Bd2 Qb6 16. Nc4 Qc7 17. Nxd6 Qxd6 18. Rad1 Rad8 19. Re5 Bg6 20. Qb3 Rfe8 21. Rde1 Nb6 22.
Ra5 Rxe1 23. Bxe1 Qxd4 24. Rxa7 Re8 25. Ne2 Qc5 26. Ra5 Qc4 27. Qxb6 Rxe2 28. Qd8+ Kh7 29. Ra8 Bd3 30. Bxe2 Bxe2 31. Bc3 Kg6 32. Qd4 Qe6 33.
Qe5 Qc4 34. Rd8 Nd5 35. Qxg7+ Kf5 36. Qe5+ Kg6 37. Rg8+ Kh7 38. Qg7# 1-0

[Event "*** Titled Tuesday Blitz"]
[Site "Chess.com"]
[Date "2020.04.21"]
[Round "6"]
[White "tigra"]
[Black "Pavlov_Sergey"]
[Result "0-1"]
[WhiteElo "2768"]
[BlackElo "2648"]
[TimeControl "180+1"]
[EndTime "11:08:14 PDT"]
[Termination "Pavlov_Sergey won by checkmate"]

1. e4 Nf6 2. e5 Nd5 3. d4 d6 4.
Nf3 Bg4 5. c4 Nb6 6. exd6 exd6 7. Nc3 Nc6 8. Be3 Be7 9. h3 Bh5 10. g4 Bg6 11. c5 dxc5 12. dxc5 Nd7 13. Qb3 Bxc5 14. O-O-O Bxe3+ 15. fxe3 Na5 16. Qa4 Nc6 17. Bb5 Qe7 18. Bxc6 bxc6 19. Qxc6 Qxe3+ 20. Nd2 O-O 21. Qxd7 Rfd8 22. Qa4 Rd3 23. Qc6 Rad8 24. Rhe1 Rxd2 25.
Rxe3 Rc2+ 26. Kb1 Rxc3+ 27. Ka1 Rxd1# 0-1

[Event "*** Titled Tuesday Blitz"]
[Site "Chess.com"]
[Date "2020.04.21"]
[Round "6"]
[White "GmSergioBarrientos"]
[Black "Bacyanide"]
[Result "0-1"]
[WhiteElo "2560"]
[BlackElo "2429"]
[TimeControl "180+1"]
[EndTime "11:08:15 PDT"]
[Termination "Bacyanide won by resignation"]

1. d4 d5 2. c4 e6 3. Nf3 Nf6 4. Nc3 c5 5. cxd5 exd5 6. g3 Nc6 7. Bg2 cxd4 8. Nxd4 Bc5 9. Be3 Qb6 10. Nc2 d4 11.
Bxd4 Nxd4 12. O-O Nxc2 13. Qxc2 Be7 14. Rfd1 O-O 15. e3 Be6 16. Rd4 Rfd8 17. Rad1 Rxd4 18. Rxd4 Rd8 19. Rxd8+ Bxd8 20. a3 h6 21. h3 Be7 22.
Na4 Qb3 23. Qxb3 Bxb3 24. Nc3 b6 25. Kf1 Kf8 26. Ke2 Bc4+ 27. Kd2 Ke8 28. f4 Kd7 29. e4 Bc5 30. Bf3 Bf2 31. g4 Ne8 32. e5 Nc7 33. Ne4 Bd4 34. Nd6 Bb3 35. Nf5 Bxb2 36. Nxg7 Bxa3 37. Kc3 Bd5 38. Be2 a5 39. Nh5 Be7 40. f5 b5 41. Kd4 b4 42. e6+ fxe6 43. f6 Bf8 44. Nf4 b3 45. Kc3 a4 46. Ng6 Ke8 47.
g5 hxg5 48. Ne5 a3 49. Bh5+ Kd8 50. Ng6 b2 51. Nxf8 b1=Q 52. f7 Qb2+ 53. Kd3 e5 54. Nd7 Bxf7 55. Bg4 a2 56. Ke4 Be6 57. Nf6 Bxg4 0-1

[Event "*** Titled Tuesday Blitz"]
[Site "Chess.com"]
[Date "2020.04.21"]
[Round "6"]
[White "LucaBrasi1968"]
[Black "eldidi20"]
[Result "1-0"]
[WhiteElo "2496"]
[BlackElo "2176"]
[TimeControl "180+1"]
[EndTime "11:08:15 PDT"]
[Termination "LucaBrasi1968 won by resignation"]

1. e4 c6 2. d4 d5 3. Nd2 dxe4 4.
Nxe4 Nf6 5. Nxf6+ exf6 6. Bc4 Bd6 7. Qe2+ Be7 8. Nf3 O-O 9. O-O Bg4 10. h3 Bh5 11. Re1 Re8 12. Bf4 Nd7 13. Qd3 Nb6 14. Bb3 a5 15. a3 Qd7 16. c3 Bg6 17. Qd2 Nd5 18. Bg3 Bd6 19. Bxd6 Qxd6 20. Rxe8+ Rxe8 21. Re1 Rxe1+ 22. Qxe1 Qd8 23. Nd2 h6 24. Nc4 b5 25. Ne3 Nf4 26. Qd2 a4 27. Bd1 Qd6 28.
Bf3 Kf8 29. h4 h5 30. g3 Nd5 31. Kg2 Nxe3+ 32. Qxe3 Qd7 33. Qf4 Ke7 34. Qb8 Qd6 35.
Qb7+ Ke6 36. Qxc6 Bd3 37. Bd5+ Ke7 38. Qxd6+ Kxd6 39. Bxf7 g6 40. f3 Bf5 41. Kf2 Bc2 42. Ke3 Bb1 43. g4 hxg4 44. fxg4 Bc2 45. h5 gxh5 46. gxh5 Ke7 47. Bg6 Bb3 48. h6 Kf8 49.
Kf4 Be6 50. Ke4 Bd7 51. d5 1-0

[Event "*** Titled Tuesday Blitz"]
[Site "Chess.com"]
[Date "2020.04.21"]
[Round "6"]
[White "ChessWarrior7197"]
[Black "GMMarcinDziuba"]
[Result "1-0"]
[WhiteElo "2882"]
[BlackElo "2689"]
[TimeControl "180+1"]
[EndTime "11:08:16 PDT"]
[Termination "ChessWarrior7197 won by checkmate"]

1. e4 c5 2. Nf3 d6 3. d4 cxd4 4. Nxd4 Nf6 5. Nc3 a6 6. Bd3 g6 7. f3 Bg7 8. Be3 e5 9. Nde2 Be6 10. Qd2 Nc6 11. a4 d5 12. exd5 Nxd5 13. Nxd5 Qxd5 14. Nc3 Qa5 15. Ne4 Qxd2+ 16. Bxd2 Rd8 17. Bg5 Rd4 18. Be3 Rd8 19. Bc5 Kd7 20. Bb6 Rde8 21. O-O-O Nd4 22.
c3 Nb3+ 23. Kc2 Kc6 24. a5 h6 25. Be2 Bf8 26. f4 exf4 27. Bf3 Bf5 28. Kxb3 Bxe4 29. Bxe4+ Rxe4 30. Rd8 Bg7 31. Rd3 Rhe8 32. Rhd1 R4e6 33. Ka4 Bf8 34. b4 Bd6 35. c4 Be5 36. b5+ axb5+ 37. cxb5# 1-0

[Event "*** Titled Tuesday Blitz"]
[Site "Chess.com"]
[Date "2020.04.21"]
[Round "6"]
[White "tan275"]
[Black "colegiodemadrid"]
[Result "1/2-1/2"]
[WhiteElo "2153"]
[BlackElo "2294"]
[TimeControl "180+1"]
[EndTime "11:08:16 PDT"]
[Termination "Game drawn by repetition"]

1. d4 Nf6 2. c4 c5 3. d5 b5 4. cxb5 a6 5. e3 axb5 6. Bxb5 Qa5+ 7.
Nc3 e6 8. dxe6 fxe6 9. a4 Bb7 10. Nf3 Be7 11. O-O O-O 12. Bd2 Qb6 13. Qe2 d5 14. Ne5 Qc7 15. Ng4 Nfd7 16. f3 Nc6 17. Bd3 Nb4 18. Nb5 Qb6 19. Bxb4 cxb4 20. Kh1 h5 21. Nf2 Bf6 22. e4 Nc5 23. e5 Be7 24.
Bg6 h4 25. f4 Rxf4 26. Qh5 Bg5 27. Qxg5 Rxf2 28. Rxf2 Ne4 29. Bh7+ Kxh7 30. Qh5+ Kg8 31. Qf7+ Kh7 32. Qh5+ Kg8 33. Qf7+ Kh7 34. Qh5+ 1/2-1/2

[Event "*** Titled Tuesday Blitz"]
[Site "Chess.com"]
[Date "2020.04.21"]
[Round "6"]
[White "crescentmoon2411"]
[Black "Boundless_Strike"]
[Result "1-0"]
[WhiteElo "2784"]
[BlackElo "2617"]
[TimeControl "180+1"]
[EndTime "11:08:17 PDT"]
[Termination "crescentmoon2411 won by resignation"]

1. e4 e6 2. d4 d5 3. Nc3 Bb4 4.
e5 c5 5. a3 Bxc3+ 6. bxc3 Ne7 7. Qg4 cxd4 8. Bd3 Nbc6 9. cxd4 O-O 10. Nf3 f5 11. exf6 Rxf6 12. Qh5 g6 13. Qh4 Nf5 14. Bxf5 Rxf5 15. Qxd8+ Nxd8 16. Ne5 Nc6 17. Nxc6 bxc6 18. Be3 h5 19. h4 e5 20. Kd2 c5 21. c3 exd4 22. cxd4 c4 23. Rhb1 Rf6 24. a4 Bf5 25. Rb5 Rd6 26. Ra2 Be4 27. f3 Bf5 28. Bf4 Rb6 29.
Rab2 Rxb5 30. Rxb5 Rd8 31. Kc3 Rd7 32. Be5 Kf7 33.
a5 Re7 34. Rxd5 Be6 35. Rb5 Rd7 36. a6 Bd5 37. Bb8 Ke6 38. Rc5 Rg7 39. Rc8 g5 40. Rd8 Ba8 41. Be5 1-0

[Event "*** Titled Tuesday Blitz"]
[Site "Chess.com"]
[Date "2020.04.21"]
[Round "6"]
[White "Rainmond"]
[Black "FairChess_on_YouTube"]
[Result "0-1"]
[WhiteElo "2728"]
[BlackElo "3037"]
[TimeControl "180+1"]
[EndTime "11:08:19 PDT"]
[Termination "FairChess_on_YouTube won on time"]

1. Nf3 b5 2. g3 Bb7 3. Bg2 e6 4. O-O Nf6 5. d3 d5 6. c4 a6 7.
Qc2 c5 8. Nc3 d4 9. Nb1 Be7 10.
e3 O-O 11. exd4 cxd4 12. Nbd2 Nc6 13. a3 Nd7 14. b4 Rc8 15. Bb2 e5 16. Rfe1 f6 17.
c5 Kh8 18. Qb3 Qe8 19. a4 Qf7 20. Nxd4 exd4 21. Bd5 Qh5 22. Rxe7 bxa4 23. Bf3 axb3 24. Rxd7 Qh6 25. Nc4 Ba8 26. Bc1 Qh3 0-1

[Event "*** Titled Tuesday Blitz"]
[Site "Chess.com"]
[Date "2020.04.21"]
[Round "6"]
[White "Keaton87"]
[Black "BilodeauA"]
[Result "0-1"]
[WhiteElo "2678"]
[BlackElo "2864"]
[TimeControl "180+1"]
[EndTime "11:08:19 PDT"]
[Termination "BilodeauA won by checkmate"]

1. d4 d5 2. c4 dxc4 3. Nf3 a6 4. a4 Nf6 5. e3 Bg4 6. Bxc4 e6 7. Nc3 Nc6 8. O-O Bd6 9. h3 Bh5 10.
Be2 O-O 11. a5 Qe7 12. Bd2 Rfd8 13. Qb3 Rab8 14. Rfc1 Nd5 15. Nxd5 exd5 16. Qd1 Qf6 17. Ne1 Bxe2 18. Qxe2 Ne7 19. Qf3 Qe6 20. Nd3 c6 21. Bb4 Nf5 22. Bxd6 Nxd6 23. Qg4 Qe7 24. Nc5 g6 25.
Re1 Re8 26. Re2 Rbd8 27. Rae1 Qc7 28. b4 Ne4 29. Nxe4 Rxe4 30. Qf3 Rde8 31. Rc1 R8e6 32. Rec2 Qe7 33. g3 h5 34. Rb1 Rf6 35. Qd1 Qd7 36.
h4 Rf5 37. Qf1 Kg7 38. Qh3 Qe7 39. Rc3 Qf6 40. Rb2 g5 41. hxg5 Qxg5 42. Kg2 Qg6 43. Rc1 h4 44. Rh1 Rg5 45. Re2 Reg4 46. Kf1 Qb1+ 47. Kg2 Qxb4 48. Kf3 Rxg3+ 49. fxg3 Rxg3+ 50. Qxg3+ hxg3 51. Ra1 f5 52. Kxg3 Kf6 53. Raa2 Qb1 54.
Reb2 Qg1+ 55. Kf3 Qf1+ 56. Kg3 Qd3 57. Kf3 Qe4+ 58. Kf2 f4 59. exf4 Qxf4+ 60. Ke2 Qxd4 61. Rd2 Qc4+ 62. Ke3 d4+ 63. Ke4 Qd5+ 64. Kd3 c5 65.
Rac2 Ke6 66. Rf2 Qb3+ 67. Ke4 Qe3# 0-1

[Event "*** Titled Tuesday Blitz"]
[Site "Chess.com"]
[Date "2020.04.21"]
[Round "6"]
[White "JLRHei"]
[Black "Nellichka"]
[Result "1-0"]
[WhiteElo "2261"]
[BlackElo "2085"]
[TimeControl "180+1"]
[EndTime "11:08:19 PDT"]
[Termination "JLRHei won by resignation"]

1. d4 Nf6 2. c4 c5 3. d5 b5 4. cxb5 a6 5. b6 e6 6. Nc3 exd5 7. Nxd5 Nxd5 8. Qxd5 Nc6 9. e4 Be7 10. Nf3 Rb8 11.
Bc4 O-O 12. O-O Rxb6 13. b3 d6 14. Bb2 Be6 15. Qd3 Bxc4 16. Qxc4 Bf6 17. Bxf6 Qxf6 18.
Rad1 a5 19. Rd2 Ne5 20. Nxe5 Qxe5 21. Rfd1 Re8 22. f3 Rd8 23. Rd5 Qe6 24. Qxc5 Rbb8 25. Qxa5 Ra8 26. Qd2 h5 27. Rxh5 Ra3 28. Rd5 Rda8 29.
Rxd6 Qe7 30. Rd8+ Rxd8 31. Qxd8+ Qxd8 32. Rxd8+ Kh7 33. Rd2 Kg6 34. f4 1-0

[Event "*** Titled Tuesday Blitz"]
[Site "Chess.com"]
[Date "2020.04.21"]
[Round "6"]
[White "Baby_Legs"]
[Black "BogdanDeac"]
[Result "1-0"]
[WhiteElo "2717"]
[BlackElo "2911"]
[TimeControl "180+1"]
[EndTime "11:08:20 PDT"]
[Termination "Baby_Legs won on time"]

1. d4 Nf6 2. c4 e6 3. Nc3 Bb4 4. Bd2 d5 5. Nf3 dxc4 6. e3 Bxc3 7. Bxc3 Qd5 8. Ne5 Nc6 9. Nxc4 b5 10. Ne5 O-O 11. Be2 Nxe5 12. dxe5 Ne4 13. Qxd5 exd5 14. Ba5 c5 15. h4 c4 16. Bb4 Re8 17. a4 bxa4 18. f3 Ng3 19. Rg1 Rxe5 20. Kf2 Nxe2 21. Kxe2 d4 22. e4 Bd7 23. Rgd1 d3+ 24. Ke3 f5 25. Bc3 Ree8 26. e5 Rab8 27. Kd4 Rec8 28. Ra3 a6 29. Re1 Be8 30. e6 Kf8 31. Ke5 Rb5+ 32.
Kf4 Rc6 33. Raa1 Rbb6 34. Kxf5 Bg6+ 35. Kf4 Rxe6 36. Red1 Re2 37. Rxa4 1-0

[Event "*** Titled Tuesday Blitz"]
[Site "Chess.com"]
[Date "2020.04.21"]
[Round "6"]
[White "Angel_Hranitel_37"]
[Black "mirochka"]
[Result "1-0"]
[WhiteElo "2375"]
[BlackElo "2174"]
[TimeControl "180+1"]
[EndTime "11:08:20 PDT"]
[Termination "Angel_Hranitel_37 won on time"]

1. d4 Nf6 2. Nf3 d5 3. g3 e6 4.
Bg2 Be7 5. O-O O-O 6. c4 b6 7.
Ne5 Bb7 8. Nc3 Nbd7 9. cxd5 exd5 10. Nd3 c5 11. dxc5 bxc5 12. Qa4 Nb6 13. Qa5 Nc4 14. Qxd8 Rfxd8 15. b3 Nb6 16. Nb5 Ne4 17. Ba3 Bf6 18.
Rac1 c4 19. Nc5 Nxc5 20. Bxc5 Rac8 21. Bxb6 axb6 22. bxc4 Rc5 23. a4 Bc6 24. cxd5 Bxd5 25. Bxd5 Rcxd5 26. Rc6 Rb8 27. Rfc1 h6 28. Rc8+ Rxc8 29.
Rxc8+ Kh7 30. Ra8 Rd1+ 31. Kg2 Ra1 32. Ra6 h5 33. h4 Ra2 34. e3 Kg6 35. Kf1 Kh7 36.
Nc7 Ra1+ 37. Kg2 Ra2 38. Nd5 Be5 39. Nxb6 1-0